 Dungeon Crawl Stone Soup version 0.27-a0-550-ge92ec0ca06 (webtiles) character file.

Game seed: 10249831989834598980

499 hobsini the Shield-Bearer (level 7, -4/54 HPs)
             Began as a Formicid Fighter on Mar 8, 2021.
             Slain by Edmund
             ... wielding a +2 dire flail of protection
              (6 damage)
             ... on level 4 of the Dungeon.
             The game lasted 00:28:43 (3362 turns).

hobsini the Shield-Bearer (Formicid Fighter)        Turns: 3362, Time: 00:28:43

Health: -4/54      AC: 13    Str: 22    XL:     7   Next: 39%
Magic:  7/7        EV:  9    Int:  7    God:
Gold:   211        SH: 10    Dex: 11    Spells: 6/6 levels left

rFire    . . .     SeeInvis +   H - +0 falchion (protect)
rCold    . . .     Faith    .   c - +0 kite shield
rNeg     . . .     Spirit   .   e - +0 ring mail
rPois    .         Reflect  .   (helmet unavailable)
rElec    .         Harm     .   (no cloak)
rCorr    .         Rampage  .   (no gloves)
Will     .....                  (no boots)
Stlth    +.........             (no amulet)
HPRegen  0.18/turn              (no ring)
MPRegen  0.10/turn              (no ring)

@: mighty, protection aura
A: permanent stasis, dig shafts and tunnels, antennae 3, four strong arms
a: Dig, Shaft Self


You were on level 4 of the Dungeon.
You visited 1 branch of the dungeon, and saw 4 of its levels.

You collected 211 gold pieces.

Inventory:

Hand Weapons
 a - a +0 mace of holy wrath
 r - a +0 falchion
 y - a +2 quarterstaff of chaos
 C - a +0 vorpal war axe
 H - a +0 falchion of protection (weapon)
Missiles
 o - 31 arrows
 I - 4 boomerangs
Armour
 c - a +0 kite shield (worn)
 e - a +0 ring mail (worn)
 D - a +0 helmet
Jewellery
 f - a ring of resist corrosion
 p - an amulet of magic regeneration
Wands
 E - a wand of polymorph (9)
Scrolls
 i - 6 scrolls of identify
 n - 3 scrolls of teleportation {unknown}
 q - a scroll of enchant armour {unknown}
 t - 2 scrolls of magic mapping
 w - 2 scrolls of blinking {unknown}
 x - a scroll of immolation {unknown}
 F - a scroll of random uselessness {unknown}
 G - a scroll of amnesia {unknown}
Potions
 g - 2 potions of attraction {unknown}
 k - 2 potions of lignification {unknown}
 l - a potion of magic
 m - a potion of cancellation {unknown}
 u - 2 potions of degeneration {unknown}
 v - 2 potions of flight {unknown}
 z - a potion of curing {unknown}


   Skills:
 + Level 4.2 Fighting
 + Level 4.0 Long Blades
 + Level 2.4 Axes
 + Level 5.0 Armour
 + Level 1.3 Dodging
 + Level 1.1 Stealth
 + Level 5.2 Shields


You had 6 spell levels left.
You didn't know any spells.
Your spell library was empty.

Dungeon Overview and Level Annotations

Branches:
Dungeon (4/15)
 Temple: D:4-7

Altars:
Ashenzari
Dithmenos
Kikubaaqudgha
Qazlal
Uskayaw
The Shining One

Annotations:
D:4 Edmund


Innate Abilities, Weirdness & Mutations

You cannot be hasted, slowed, berserked, paralysed or teleported.
You can dig through walls and to a lower floor.
You have a pair of large antennae on your head. (SInv)
Your four strong arms can wield two-handed weapons with a shield.


Message History

Edmund is severely wounded.
The howler monkey hits you but does no damage.
Edmund hits you with a +2 dire flail of protection!
* * * LOW HITPOINT WARNING * * *
The howler monkey hits you but does no damage.
You hit Edmund.
Edmund is severely wounded.
The howler monkey hoots and howls with incredible vigour!
You block Edmund's attack.
You closely miss Edmund.
Edmund is severely wounded.
The howler monkey barely misses you. You block Edmund's attack.
The howler monkey hits you but does no damage.
Your shield prevents you from hitting Edmund.
Edmund is severely wounded.
The howler monkey closely misses you.
You riposte.
You completely miss the howler monkey.
The howler monkey is moderately wounded.
Edmund hits you with a +2 dire flail of protection.
* * * LOW HITPOINT WARNING * * *
You hit Edmund.
Edmund is almost dead.
The howler monkey hoots and howls with incredible vigour!
You block Edmund's attack.
You closely miss Edmund.
Edmund is almost dead.
You block the howler monkey's attack. Edmund hits you but does no damage.
The howler monkey hits you.
* * * LOW HITPOINT WARNING * * *
You closely miss the howler monkey.
The howler monkey is moderately wounded.
Edmund hits you with a +2 dire flail of protection!
* * * LOW HITPOINT WARNING * * *
The howler monkey closely misses you.
You barely miss the howler monkey.
The howler monkey is moderately wounded.
The howler monkey closely misses you.
You riposte.
You hit the howler monkey.
The howler monkey is heavily wounded.
Edmund hits you with a +2 dire flail of protection.
You die...

*,,,,,,,,,..?.######
*,,,...,,,,.........
*,,....,,,..##..###)
***#..#,**).........
#..#,*#..........
#..#.##.....#....
#..#.#..........#
###@.#.....).......
#.@h..............#
####.................#
#.....................
#.......^.............
#...........†.........
#.................<...
#.....................
#..............#######
#..............#


You could see Edmund and a howler monkey.

Vanquished Creatures
  An ogre (D:4)
  A scorpion (D:4)
  A bullfrog skeleton (D:4)
  Crazy Yiuf (D:2)
  An orc priest (D:4)
  An iguana (D:4)
  3 worker ants (D:4)
  4 adders
  3 gnolls (D:4)
  An ooze (D:1)
  An adder skeleton (D:4)
  6 worms
  A dart slug (D:3)
  6 leopard geckos
  8 orcs
  4 giant cockroaches
  8 hobgoblins
  9 jackals
  2 quokkas
  3 ball pythons
  A ball python skeleton (D:4)
  5 bats
  5 frilled lizards
  3 goblins
  3 kobolds
  10 rats
  A rat zombie (D:4)
93 creatures vanquished.

Notes
Turn   | Place    | Note
-------+----------+-------------------------------------------
     0 | D:1      | hobsini the Formicid Fighter began the quest for the Orb.
     0 | D:1      | Reached XP level 1. HP: 18/18 MP: 1/1
   229 | D:1      | Reached XP level 2. HP: 13/24 MP: 2/2
   876 | D:1      | Reached XP level 3. HP: 29/29 MP: 3/3
  1098 | D:2      | Reached XP level 4. HP: 27/37 MP: 4/4
  1264 | D:2      | Found a shadowy altar of Dithmenos.
  1406 | D:2      | Found a faded altar of an unknown god.
  1820 | D:2      | Found a stormy altar of Qazlal.
  1820 | D:2      | Noticed a fire elemental
  1825 | D:2      | Noticed a water elemental
  1825 | D:2      | Noticed an air elemental
  1825 | D:2      | Noticed an earth elemental
  1890 | D:2      | Reached XP level 5. HP: 42/42 MP: 5/5
  1964 | D:2      | Found a runed translucent door.
  1965 | D:2      | Noticed Crazy Yiuf
  1984 | D:2      | Killed Crazy Yiuf
  2251 | D:3      | Found a broken altar of Ashenzari.
  2839 | D:4      | Reached XP level 6. HP: 27/48 MP: 6/6
  2866 | D:4      | Reached skill level 1 in Dodging
  2866 | D:4      | Reached skill level 1 in Stealth
  2880 | D:4      | Reached skill level 1 in Axes
  2982 | D:4      | Found an ancient bone altar of Kikubaaqudgha.
  3106 | D:4      | Noticed an ogre
  3115 | D:4      | Killed an ogre
  3116 | D:4      | Reached XP level 7. HP: 51/54 MP: 7/7
  3185 | D:4      | Reached skill level 5 in Shields
  3198 | D:4      | Reached skill level 5 in Armour
  3260 | D:4      | Found a hide-covered altar of Uskayaw.
  3277 | D:4      | Found a glowing golden altar of the Shining One.
  3337 | D:4      | Noticed Edmund
  3361 | D:4      | HP: 1/54 [Edmund/+2 dire flail of protection (7)]
  3362 | D:4      | Slain by Edmund

Illustrated notes

Levels and vault maps discovered:
D:1:      dpeg_arrival_circle_labyrinth_a, layout_loops_ring,
          chequers_serial_rivers_small_b, kennysheep_decorative_pillar
D:2:      layout_basic, nicolae_dithmenos_shadow_blocks,
          nicolae_qazlal_style_of_elements, chequers_ecumenical_altar_simple,
          uniq_crazy_yiuf_cottage
D:3:      layout_basic, cheibrodos_ashenzari_chains
D:4:      layout_rooms, lemuel_zombie_altar_kikubaaqudgha,
          amethyst_overflow_temple_binary, hangedman_abyss_or_decor_slice,
          uniq_edmund

Skill      XL: |  1  2  3  4  5  6  7 |
---------------+----------------------+-----
Armour         | 4 5 |  5.0
Shields        | 4 5 |  5.2
Long Blades    | 3 4 |  4.0
Fighting       | 4 |  4.2
Dodging        | 1 |  1.3
Stealth        | 1 |  1.1
Axes           | 2 |  2.4

Action                   |  1- 3 |  4- 6 |  7- 9 || total
-------------------------+-------+-------+-------++-------
Melee: Long sword        |    72 |    41 |       ||   113
       Falchion          |       |   164 |    32 ||   196
       War axe           |       |    47 |    14 ||    61
 Abil: Dig               |       |       |     1 ||     1
  Use: Potion            |       |     2 |     2 ||     4
       Scroll            |       |       |     2 ||     2
Armor: Ring mail         |    18 |    69 |    17 ||   104
Dodge: Dodged            |    22 |    70 |    13 ||   105
Block: Kite shield       |    42 |   136 |    20 ||   198
       Rpst.: Long sword |     6 |     2 |       ||     8
       Falchion          |       |    13 |     3 ||    16

Table legend: (Time is in decaauts)
 A = Elapsed time spent in this place.
 B = Non-inter-level travel time spent in this place.
 C = Inter-level travel time spent in this place.
 D = Time resting spent in this place.
 E = Time spent auto-exploring this place.
 F = Levels seen in this place.
 G = Mean time per level.
                   A        B        C        D        E       F      G
               +--------+--------+--------+--------+--------+-----+--------+
         Total |   3504 |   3504 |      0 |      0 |      0 |   4 |  876.0 |
       Dungeon |   3504 |   3504 |      0 |      0 |      0 |   4 |  876.0 |
               +--------+--------+--------+--------+--------+-----+--------+

Top non-repeatable levels by time:
     D:2: 1187 daAuts
     D:1: 1055 daAuts
     D:3: 635 daAuts
     D:4: 625 daAuts
